 Dungeon Crawl Stone Soup version 0.30-a0-576-g89cddaab80 (webtiles) character file.

Game seed: 11380146936875948215

2284 Newt the Poker (level 9, -3/66 HPs)
             Began as a Demonspawn Gladiator on Dec 30, 2022.
             Succumbed to a hornet's poison
             ... on level 6 of the Dungeon.
             The game lasted 00:08:50 (5843 turns).

Newt the Poker (Demonspawn Gladiator)               Turns: 5843, Time: 00:08:50

Health: -3/66      AC:  7    Str: 19    XL:     9   Next: 17%
Magic:  22/22      EV: 17    Int:  9    God:
Gold:   868        SH:  5    Dex: 15    Spells: 12/14 levels left

rFire   + . .      SeeInvis .    B - +4 scythe
rCold   + . .      Faith    .    (shield currently unavailable)
rNeg    . . .      Spirit   .    b - +0 leather armour
rPois   +          Reflect  +    c - +1 helmet
rElec   +          Harm     .    (no cloak)
rCorr   +          Rampage  .    l - +0 pair of gloves
Will    .....                    (no boots)
Stlth   ++                       f - amulet of reflection
HPRegen 0.31/turn                r - ring of magical power
MPRegen 0.36/turn                x - +5 ring of evasion

@: lethally poisoned (-3 -> -17), resistant, wereblooded (expiring)
A: hooves 2, rugged brown scales 1, ignite blood 2, magic regeneration
a: no special abilities


You were on level 6 of the Dungeon.
You visited 1 branch of the dungeon, and saw 8 of its levels.
You also visited: Ossuary.

You collected 868 gold pieces.

Inventory:

Hand Weapons
 a - a +1 rapier
 B - a +4 scythe (weapon)
Missiles
 d - a throwing net (quivered)
 e - a javelin
Armour
 b - a +0 leather armour (worn)
 c - a +1 helmet (worn)
 l - a +0 pair of gloves (worn)
 D - a +0 scale mail
Jewellery
 f - an amulet of reflection (around neck)
 m - a ring of magical power
 r - a ring of magical power (left hand)
 x - a +5 ring of evasion (right hand)
Wands
 h - a wand of mindburst (8)
 C - a wand of iceblast (8)
Scrolls
 g - 6 scrolls of vulnerability
 t - a scroll of amnesia {unknown}
 u - 2 scrolls of teleportation {unknown}
 v - a scroll of brand weapon {unknown}
 w - a scroll of torment {unknown}
 y - 4 scrolls of identify
 z - 4 scrolls of poison {unknown}
Potions
 i - a potion of invisibility
 j - 2 potions of curing {unknown}
 k - 2 potions of attraction {unknown}
 n - a potion of might {unknown}
 o - 2 potions of flight {unknown}
 p - 2 potions of degeneration {unknown}
 q - 2 potions of resistance
 s - a potion of berserk rage {unknown}
 A - a potion of ambrosia {unknown}


   Skills:
 - Level 4.0 Fighting
 - Level 3.1 Short Blades
 - Level 6.0 Polearms
 - Level 4.0 Throwing
 - Level 4.0 Armour
 - Level 2.6 Dodging
 - Level 2.0 Stealth
 + Level 3.2 Spellcasting
 - Level 5.0 Transmutations


You had 12 spell levels left.
You knew the following spells:

 Your Spells              Type           Power      Damage    Failure   Level
a - Wereblood             Tmut           10%        N/A       7%          2

Your spell library contained the following spells:

 Spells                   Type           Power      Damage    Failure   Level
 Sublimation of Blood     Necr           1%         N/A       45%         2
 Airstrike                Air            0%         2d(1-17)  98%         4
 Summon Lightning Spire   Summ/Air       1%         N/A       98%         4
 Lightning Bolt           Conj/Air       0%         1d11      100%        5
 Summon Forest            Summ/Tloc      0%         N/A       100%        5
 Summon Mana Viper        Hex/Summ       1%         N/A       100%        5
 Summon Cactus Giant      Summ           0%         N/A       100%        6
 Summon Hydra             Summ           0%         N/A       100%        7


Dungeon Overview and Level Annotations

Branches:
Dungeon (8/15)            Ossuary (visited)
 Temple: D:4-7         Lair: D:8-11

Altars:
Kikubaaqudgha
Sif Muna
Xom

Shops:
D:4 :


Innate Abilities, Weirdness & Mutations

You have hoof-like feet.
You are partially covered in rugged brown scales. (AC +1, +3% HP)
Your demonic aura often causes spilled blood to erupt in flames.
You regenerate magic rapidly.


Message History

A gnoll comes into view. It is wielding a +0 spear.
The gnoll sergeant barely misses you.
The shadow is engulfed in blazing flames.
The shadow completely misses you.
You can move again.
The hornet attacks as you move away!
The hornet stings you but does no damage.
The shadow is engulfed in blazing flames.
The shadow is engulfed in blazing flames.
The shadow slips into darkness.
The shadow flickers and vanishes!
Found an escape hatch in the ceiling.
The deep elf pyromancer shouts!
You feel a bit more experienced.
The gnoll sergeant hits you from afar with a +2 spear of flaming!
The gnoll sergeant burns you.
A gnoll comes into view. It is wielding a +0 whip.
The deep elf pyromancer gestures wildly while chanting.
The deep elf pyromancer blinks!
The hornet closely misses you.
Your Spellcasting skill increases to level 3!
The hornet stings you.
You are poisoned.
You feel yourself slow down.
There is a stone staircase leading up here.
You feel yourself speed up.
Your primal bloodlust is almost over.
You feel very sick. The hornet closely misses you. The hornet stings you!
* * * LOW HITPOINT WARNING * * *
You are more poisoned.
You feel yourself slow down.
You climb upwards.
Reactivating autopickup.
* * * LOW HITPOINT WARNING * * *
You feel very sick.
Found a scroll of identify, a mace and 17 gold pieces.
Found a stone staircase leading up.
There is a stone staircase leading down here.
It was a potion of resistance.
You feel protected.
You feel yourself speed up.
You die...

... .... ##
...$######.#
......#.)..####
..............#
..............#
..............#
#.....@......#
.......y.....##
.?.#........##
. #........#
#........##
#.......##
###.....#
#...<..


You could see a hornet.

Vanquished Creatures
  Grinder (D:3)
  Sigmund (D:4)
  A shadow (D:7)
  A wraith (Ossuary)
  Eustachio (D:4)
  A steam dragon (D:7)
  An ice beast (D:7)
  A black bear (D:4)
  An ogre (D:4)
  2 phantoms (D:5)
  3 elf zombies
  A scorpion (D:5)
  4 wights (D:7)
  A human zombie (D:4)
  2 hounds (D:7)
  Jessica (D:3)
  An iguana (D:5)
  Ijyb (D:4)
  An orc wizard (D:3)
  3 mummies (Ossuary)
  7 gnolls
  7 adders
  An ufetubus (D:4)
  2 worms
  2 dart slugs
  5 orcs
  3 bats
  5 endoplasms
  2 giant cockroaches
  A gnoll zombie (Ossuary)
  9 goblins
  3 hobgoblins
  13 jackals
  4 quokkas
  6 ball pythons
  12 frilled lizards
  3 goblin zombies (Ossuary)
  5 hobgoblin zombies (Ossuary)
  5 kobolds
  3 kobold zombies (Ossuary)
  An orc skeleton (D:4)
  3 orc zombies
  15 rats
146 creatures vanquished.

Notes
Turn   | Place    | Note
-------+----------+-------------------------------------------
     0 | D:1      | Newt the Demonspawn Gladiator began the quest for the Orb.
     0 | D:1      | Reached XP level 1. HP: 16/16 MP: 1/1
    96 | D:1      | Reached skill level 1 in Stealth
   225 | D:1      | Gained mutation: Your demonic aura sometimes causes spilled
                  | blood to erupt in flames. [demonic ancestry]
   225 | D:1      | Reached XP level 2. HP: 20/22 MP: 2/2
   944 | D:1      | Reached XP level 3. HP: 28/28 MP: 3/3
  1969 | D:2      | Gained mutation: You have large cloven feet. [demonic
                  | ancestry]
  1969 | D:2      | Reached XP level 4. HP: 37/37 MP: 4/4
  2893 | D:2      | Gained mutation: You are partially covered in rugged brown
                  | scales. (AC +1, +3% HP) [demonic ancestry]
  2893 | D:2      | Reached XP level 5. HP: 23/43 MP: 5/5
  3068 | D:3      | Identified a scroll of acquirement
  3068 | D:3      | Acquired 544 gold pieces
  3207 | D:3      | Noticed Jessica
  3219 | D:3      | Killed Jessica
  3364 | D:3      | Noticed Grinder
  3369 | D:3      | Killed Grinder
  3370 | D:3      | Gained mutation: Your demonic aura often causes spilled
                  | blood to erupt in flames. [demonic ancestry]
  3370 | D:3      | Reached XP level 6. HP: 34/49 MP: 6/6
  3479 | D:3      | Learned a level 2 spell: Wereblood
  3775 | D:4      | Gained mutation: You have hoof-like feet. [demonic
                  | ancestry]
  3775 | D:4      | Reached XP level 7. HP: 46/55 MP: 7/7
  3997 | D:4      | Found a sand-covered staircase.
  4005 | Ossuary  | Entered an ossuary
  4005 | Ossuary  | Noticed a wraith
  4005 | Ossuary  | Noticed a wraith
  4005 | Ossuary  | Noticed a wraith
  4079 | Ossuary  | Reached skill level 5 in Transmutations
  4079 | Ossuary  | Reached skill level 1 in Armour
  4413 | Ossuary  | Noticed a wraith
  4430 | Ossuary  | Killed a wraith
  4621 | D:4      | Identified the +3 leather armour of the Ten Places {rF+
                  | Str+5}
  4769 | D:4      | Noticed Sigmund
  4779 | D:4      | Killed Sigmund
  4780 | D:4      | Gained mutation: You regenerate magic rapidly. [demonic
                  | ancestry]
  4780 | D:4      | Reached XP level 8. HP: 57/61 MP: 8/8
  4856 | D:4      | Found Nycwuys's Self-Improvement Boutique.
  4863 | D:4      | Noticed Ijyb
  4874 | D:4      | Killed Ijyb
  5031 | D:4      | Reached skill level 1 in Polearms
  5043 | D:4      | Noticed Eustachio
  5049 | D:4      | Killed Eustachio
  5050 | D:4      | Reached skill level 2 in Polearms
  5070 | D:4      | Reached skill level 3 in Polearms
  5177 | D:5      | Entered Level 5 of the Dungeon
  5279 | D:5      | Found a shimmering altar of Xom.
  5281 | D:5      | Found an ancient bone altar of Kikubaaqudgha.
  5332 | D:5      | Reached skill level 4 in Polearms
  5665 | D:5      | You fall into a shaft and drop 3 floors!
  5665 | D:8      | Found a shimmering blue altar of Sif Muna.
  5718 | D:7      | Reached skill level 5 in Polearms
  5759 | D:7      | Identified the +6 plate armour "Fagiem" {rF++ Str-2}
  5810 | D:7      | Reached skill level 6 in Polearms
  5819 | D:7      | Reached skill level 1 in Spellcasting
  5819 | D:7      | Reached XP level 9. HP: 66/66 MP: 11/11
  5826 | D:7      | Noticed a deep elf pyromancer
  5834 | D:7      | Paralysed by a hornet for 2 turns
  5842 | D:6      | HP: 1/66 [poisoned by a hornet]
  5843 | D:6      | Succumbed to a hornet's poison

Illustrated notes

Levels and vault maps discovered:
D:1:      minmay_arrival_doors, layout_basic, columned_hall_lemuel,
          minmay_rat_gold_closets
D:2:      layout_basic, minmay_lizard_pond
D:3:      layout_rooms, uniq_grinder, uniq_jessica
D:4:      layout_gridville, nicolae_ossuary_entry_catacombs,
          nicolae_shop_self_help, uniq_ijyb, uniq_eustachio, uniq_sigmund
D:5:      layout_gridville, chequers_temple_overflow_statue_of_worship,
          chequers_serial_rivers_small_b, bh_walls_and_bars
D:6:      due_chaos_kobolds, layout_cave_pools, slow_altar_2,
          mainiacjoe_overflow_cross_hatched, minmay_temple_entry_antechambers,
          uniq_crazy_yiuf_cottage, uniq_prince_ribbit1, uniq_maggie,
          uniq_blork_the_orc, uniq_duvessa
D:7:      layout_gridville, lemuel_mausoleum_altar_yredelemnul, corner_web_ring,
          minmay_manual_monstrance
D:8:      layout_loops_cross, nicolae_overflow_hidden_temple

Skill      XL: |  1  2  3  4  5  6  7  8  9 |
---------------+----------------------------+-----
Stealth        | 1 2 |  2.0
Fighting       | 3 4 |  4.0
Throwing       | 2 4 |  4.0
Transmutations | 3 4 5 |  5.0
Armour         | 4 |  4.0
Short Blades   | 3 |  3.1
Polearms       | 6 |  6.0
Spellcasting   | 1 3 |  3.2
Dodging        | |  2.6

Action                   |  1- 3 |  4- 6 |  7- 9 || total
-------------------------+-------+-------+-------++-------
Melee: Rapier            |   119 |   169 |   112 ||   400
       Punch             |     1 |       |     2 ||     3
       Kick              |       |    43 |    55 ||    98
       Halberd           |       |       |    80 ||    80
Throw: Throwing net      |     6 |     2 |       ||     8
       Javelin           |       |       |     1 ||     1
 Cast: Wereblood         |       |     1 |    10 ||    11
Evoke: Wand              |       |     5 |     2 ||     7
  Use: Scroll            |     2 |     7 |       ||     9
       Potion            |     1 |       |     2 ||     3
 Stab: Sleeping          |     3 |     6 |     4 ||    13
       Held in net/web   |     1 |       |       ||     1
       Distracted        |       |       |     1 ||     1
Armor: Leather armour    |    30 |    61 |    56 ||   147
Dodge: Dodged            |    81 |   114 |   109 ||   304
Block: Other             |       |       |    21 ||    21

Table legend: (Time is in decaauts)
 A = Elapsed time spent in this place.
 B = Non-inter-level travel time spent in this place.
 C = Inter-level travel time spent in this place.
 D = Time resting spent in this place.
 E = Time spent auto-exploring this place.
 F = Levels seen in this place.
 G = Mean time per level.
                   A        B        C        D        E       F      G
               +--------+--------+--------+--------+--------+-----+--------+
         Total |   5907 |   5816 |     91 |   1154 |   3483 |   9 |  656.3 |
       Dungeon |   5338 |   5247 |     91 |   1063 |   3158 |   8 |  667.2 |
       Ossuary |    568 |    568 |      0 |     91 |    325 |   1 |  568.0 |
               +--------+--------+--------+--------+--------+-----+--------+

Top non-repeatable levels by time:
     D:1: 1863 daAuts
     D:2: 1205 daAuts
     D:4: 1139 daAuts
 Ossuary: 568 daAuts
     D:5: 494 daAuts
     D:3: 450 daAuts
     D:7: 147 daAuts
     D:8: 35 daAuts
     D:6: 1 daAuts
